 Dungeon Crawl Stone Soup version 0.30-a0-739-gea05faddec (webtiles) character file.

Game seed: 13068757778898132308

438 ragingrage the Caller (level 7, 0/46 HPs)
             Began as a Merfolk Summoner on Feb 4, 2023.
             Was an Initiate of Sif Muna.
             Slain by a centaur (2 damage)
             ... on level 5 of the Dungeon.
             The game lasted 00:08:26 (3629 turns).

ragingrage the Caller (Merfolk Summoner)            Turns: 3629, Time: 00:08:27

Health: 0/46       AC:  4    Str:  9    XL:     7   Next: 1%
Magic:  17/19      EV: 12    Int: 16    God:    Sif Muna [......]
Gold:   182        SH:  0    Dex: 14    Spells: 4/10 levels left

rFire   . . .      SeeInvis .    d - +4 spear
rCold   . . .      Faith    .    (no shield)
rNeg    . . .      Spirit   .    a - +0 robe
rPois   .          Reflect  .    (no helmet)
rElec   .          Harm     .    (no cloak)
rCorr   .          Rampage  .    i - +1 pair of gloves
Will    .....                    (no boots)
Stlth   +++                      c - amulet of magic regeneration
HPRegen 0.27/turn                f - ring of magical power
MPRegen 0.56/turn                (no ring)

@: lethally poisoned (0 -> -9)
A: (nimble swimmer 2), mertail
a: Renounce Religion


You were on level 5 of the Dungeon.
You worshipped Sif Muna.
Sif Muna was noncommittal.
You visited 1 branch of the dungeon, and saw 5 of its levels.

You collected 182 gold pieces.

Inventory:

Hand Weapons
 d - a +4 spear (weapon)
Armour
 a - a +0 robe (worn)
 i - a +1 pair of gloves (worn)
Jewellery
 c - an amulet of magic regeneration (around neck)
 f - a ring of magical power (left hand)
Scrolls
 n - a scroll of poison
 o - a scroll of identify
Potions
 b - a potion of magic


   Skills:
 + Level 3.6 Polearms
 - Level 2.6 Dodging
 - Level 4.0 Stealth
 - Level 2.0 Spellcasting
 + Level 6.9 Summonings


You had 4 spell levels left.
You knew the following spells:

 Your Spells              Type           Power      Damage    Failure   Level
a - Summon Small Mammal   Summ           92%        N/A       1%          1
b - Call Imp              Summ           23%        N/A       1%          2
c - Call Canine Familiar  Summ           23%        N/A       3%          3

Your spell library contained the following spells:

 Spells                   Type           Power      Damage    Failure   Level
 Summon Guardian Golem    Hex/Summ       12%        N/A       16%         3
 Apportation              Tloc           2%         N/A       21%         1
 Summon Lightning Spire   Summ/Air       12%        N/A       45%         4
 Alistair's Intoxication  Tmut/Pois      0%         N/A       99%         5
 Borgnjor's Vile Clutch   Necr/Erth      0%         N/A       99%         5
 Eringya's Noxious Bog    Tmut/Pois      0%         N/A       100%        6


Dungeon Overview and Level Annotations

Branches:
Dungeon (5/15)
 Temple: D:4-7

Altars:
Sif Muna

Annotations:
D:3 exclusion: downstairs
D:4 Eustachio


Innate Abilities, Weirdness & Mutations

((You are very nimble when in or above water. (Stealth+, EV+, Speed+++)))
Your lower body shifts to a powerful aquatic tail in water.


Message History

You see here a +0 robe.
A scorpion comes into view.
The centaur shoots an arrow.
The arrow hits your crimson imp!
Your crimson imp dies!
Your crimson imp disappears in a puff of smoke!
Your hound bites the scorpion but does no damage.
The centaur shoots an arrow.
The arrow closely misses you.
Your hound barely misses the scorpion.
The centaur shoots an arrow.
The arrow closely misses your quokka. The arrow hits you.
* * * LOW HITPOINT WARNING * * *
Unknown command.
Casting: Call Canine Familiar (dangerous; 3% risk of failure)
Confirm with . or Enter, or press ? or * to list all spells.
A beastly little devil appears in a puff of flame.
The centaur shoots an arrow.
The arrow hits your quokka!
Your quokka dies!
Your quokka's corpse disappears in a puff of smoke!
Your hound bites the centaur.
Okay, then.
Okay, then.
Casting: Call Imp (safe; 1% risk of failure)
Confirm with . or Enter, or press ? or * to list all spells.
Okay, then.
Casting: Call Imp (safe; 1% risk of failure)
Confirm with . or Enter, or press ? or * to list all spells.
Your hound bites the centaur.
The scorpion stings you.
* * * LOW HITPOINT WARNING * * *
You are lethally poisoned!
The scorpion poisons you!
Your crimson imp completely misses the scorpion.
Okay, then.
You closely miss the scorpion.
* * * LOW HITPOINT WARNING * * *
You feel very sick. The scorpion stings you.
* * * LOW HITPOINT WARNING * * *
Your quokka barely misses the centaur.
The centaur unwields a +0 shortbow.
The centaur hits you but does no damage.
The centaur kicks you.
You die...

........#######
........##....#
..!......#..[.#
.........÷....#
........)..)†.#
.............)#
..............#
......§...)...#
........hs@..##
.......5c...##
.........r...#
..#........[.#
#..........#
#.......####
....#####.####
.... #....# #..
####..#


You could see a centaur (ally target), a scorpion (ally target), a friendly
hound (summoned), a friendly crimson imp (summoned) and a friendly quokka
(summoned).

Vanquished Creatures
  A scorpion (D:4)
  A howler monkey (D:5)
  A gnoll (D:5)
  A dart slug (D:2)
  A ball python (D:1)
  8 bats
  2 endoplasms
  A goblin (D:3)
  3 kobolds
  3 quokkas
  A frilled lizard (D:3)
  3 rats
26 creatures vanquished.

Vanquished Creatures (collateral kills)
  An ogre (D:5)
  A centaur (D:5)
  A hound (D:5)
  Jessica (D:3)
  An iguana (D:5)
  2 adders (D:2)
  A worm (D:2)
  A dart slug (D:1)
  2 bats (D:1)
  3 endoplasms
  2 giant cockroaches (D:1)
  4 goblins
  7 hobgoblins
  4 jackals (D:1)
  6 kobolds
  4 quokkas
  A ball python (D:1)
  A frilled lizard (D:2)
  A rat (D:1)
44 creatures vanquished.

Grand Total: 70 creatures vanquished

Notes
Turn   | Place    | Note
-------+----------+-------------------------------------------
     0 | D:1      | ragingrage the Merfolk Summoner began the quest for the
                  | Orb.
     0 | D:1      | Reached XP level 1. HP: 13/13 MP: 3/3
   391 | D:1      | Reached XP level 2. HP: 17/19 MP: 1/5
   400 | D:1      | Learned a level 2 spell: Call Imp
   840 | D:1      | Reached XP level 3. HP: 24/24 MP: 2/6
   936 | D:1      | Noticed an eye of devastation
   937 | D:1      | Found a faded altar of an unknown god.
   941 | D:1      | Noticed a golden eye
   946 | D:1      | Noticed a floating eye
   959 | D:1      | Noticed a floating eye
  1048 | D:1      | Learned a level 3 spell: Call Canine Familiar
  1812 | D:2      | Reached XP level 4. HP: 30/30 MP: 4/7
  2007 | D:2      | Reached skill level 5 in Summonings
  2558 | D:3      | Noticed Jessica
  2932 | D:3      | Killed Jessica
  2933 | D:3      | Reached XP level 5. HP: 31/35 MP: 4/8
  2966 | D:3      | Found a shimmering blue altar of Sif Muna.
  2974 | D:3      | Became a worshipper of Sif Muna the Loreminder
  3001 | D:4      | Noticed Eustachio
  3289 | D:4      | Reached skill level 6 in Summonings
  3343 | D:5      | Entered Level 5 of the Dungeon
  3575 | D:5      | Noticed a centaur
  3589 | D:5      | Reached skill level 1 in Polearms
  3589 | D:5      | Reached XP level 6. HP: 6/41 MP: 9/9
  3609 | D:5      | Reached XP level 7. HP: 10/46 MP: 10/10
  3629 | D:5      | HP: 2/46 [scorpion (2)]
  3629 | D:5      | Slain by a centaur

Illustrated notes

Levels and vault maps discovered:
D:1:      scummos_arrival_simple_crosswalls, layout_basic,
          hellmonk_ecumenical_altar_watching_god, minmay_cut_off
D:2:      layout_basic, grunt_decor_junction
D:3:      layout_rooms, tgw_sif
D:4:      layout_loops_ring, serial_glass, glass_columns_c, glass_columns_a,
          feat_on_display, due_unseen_surprise, chequers_serial_rivers_room_a,
          corexii_item_surrounded_by_moat, grunt_decor_mini_mirrors,
          minivault_14, chequers_garden, minmay_misc_feat_pillars,
          uniq_eustachio
D:5:      layout_rooms, mainiacjoe_overflow_swirl, serial_shops, kennysheep_mini

Skill      XL: |  1  2  3  4  5  6 |
---------------+-------------------+-----
Stealth        | 3 4 |  4.0
Summonings     | 5 6 |  6.9
Polearms       | 1 3 |  3.6
Dodging        | |  2.6
Spellcasting   | |  2.0

Action                     |  1- 3 |  4- 6 |  7- 9 || total
---------------------------+-------+-------+-------++-------
  Melee: Unarmed           |     8 |       |       ||     8
         Staff             |     6 |       |       ||     6
         Dagger            |     3 |       |       ||     3
         Short sword       |    16 |       |       ||    16
         Spear             |    35 |    85 |     1 ||   121
         Tailslap          |     2 |       |       ||     2
   Cast: Summon Small Mamm |    14 |     1 |     2 ||    17
         Call Imp          |    21 |    15 |     1 ||    37
         Call Canine Famil |       |     9 |     1 ||    10
    Use: Scroll            |       |     8 |       ||     8
         Potion            |       |     1 |       ||     1
   Stab: Distracted        |     1 |     2 |       ||     3
         Sleeping          |     2 |     6 |       ||     8
 Armour: Robe              |    17 |    25 |     1 ||    43
  Dodge: Dodged            |    44 |    34 |     4 ||    82

Table legend: (Time is in decaauts)
 A = Elapsed time spent in this place.
 B = Non-inter-level travel time spent in this place.
 C = Inter-level travel time spent in this place.
 D = Time resting spent in this place.
 E = Time spent auto-exploring this place.
 F = Levels seen in this place.
 G = Mean time per level.
                   A        B        C        D        E       F      G
               +--------+--------+--------+--------+--------+-----+--------+
         Total |   3621 |   3505 |    116 |   1136 |   1446 |   5 |  724.2 |
       Dungeon |   3621 |   3505 |    116 |   1136 |   1446 |   5 |  724.2 |
               +--------+--------+--------+--------+--------+-----+--------+

Top non-repeatable levels by time:
     D:1: 1616 daAuts
     D:2: 742 daAuts
     D:3: 687 daAuts
     D:4: 289 daAuts
     D:5: 286 daAuts
